 Dungeon Crawl Stone Soup version 0.23-a0-644-gb60d84b (webtiles) character file.

14771 TheGoonsmith the Cruncher (level 11, -8/89 HPs)
             Began as a Demonspawn Gladiator on Jan 1, 2019.
             Was an Elder of Nemelex Xobeh.
             Mangled by a komodo dragon (22 damage)
             ... on level 2 of the Lair of Beasts.
             The game lasted 00:27:13 (14231 turns).

TheGoonsmith the Cruncher (Demonspawn Gladiator)   Turns: 14231, Time: 00:27:13

Health: -8/89      AC: 29    Str: 17    XL:     11   Next: 93%
Magic:  19/19      EV: 16    Int:  9    God:    Nemelex Xobeh [****..]
Gold:   844        SH:  0    Dex: 16    Spells: 10/10 levels left

rFire    . . .     SeeInvis .   i - +7 lajatang of Order {silver, rMut}
rCold    + . .     Gourm    .   (shield currently unavailable)
rNeg     . . .     Faith    .   B - +0 chain mail
rPois    .         Spirit   .   c - +2 helmet
rElec    .         Reflect  .   O - +2 cloak
rCorr    .         Harm     .   t - +1 pair of gloves
rMut     +                      I - +0 pair of boots
MR       .....                  (no amulet)
Stlth    ..........             g - ring of protection from cold
HPRegen  0.24/turn              N - +6 ring of evasion (curse)
MPRegen  0.16/turn

@: sanguine armour
A: hooves 1, foul stench 1, powered by pain 1, rot immunity, sanguine armour 2
a: Draw Escape, Draw Destruction, Draw Summoning, Triple Draw, Deal Four,
Renounce Religion


You were on level 2 of the Lair of Beasts.
You worshipped Nemelex Xobeh.
Nemelex Xobeh was greatly pleased with you.
You were not hungry.

You visited 3 branches of the dungeon, and saw 14 of its levels.

You collected 844 gold pieces.

Inventory:

Hand Weapons
 a - a +1 quarterstaff
 b - a +0 hunting sling
 i - the +7 lajatang of Order (weapon) {silver, rMut}
   (You acquired it on level 8 of the Dungeon)

   It protects you from mutation.
 P - a +2 lajatang of protection
Missiles
 d - 3 throwing nets (quivered)
 e - 322 stones
 y - 77 sling bullets
Armour
 c - a +2 helmet (worn)
 j - a +0 scale mail
 m - a +0 leather armour
 t - a +1 pair of gloves (worn)
 B - a +0 chain mail (worn)
 I - a +0 pair of boots (worn)
 O - a +2 cloak (worn)
Jewellery
 g - a ring of protection from cold (left hand)
 q - an uncursed ring of see invisible {unknown}
 w - an uncursed ring of magical power
 x - an uncursed ring of fire
 M - an uncursed ring of wizardry
 N - a cursed +6 ring of evasion (right hand)
Wands
 D - a wand of flame (16)
 K - a wand of acid (5)
 L - a wand of iceblast (10)
Scrolls
 p - 4 scrolls of blinking
 s - 2 scrolls of enchant weapon
 u - 2 scrolls of fog
 C - 3 scrolls of remove curse
 G - a scroll of amnesia
 J - a scroll of teleportation
 S - a scroll of magic mapping
Potions
 h - 2 potions of heal wounds
 k - 2 potions of degeneration
 l - a potion of mutation
 n - 4 potions of agility
 o - 2 potions of curing
 r - 3 potions of lignification
 v - 2 potions of brilliance
 z - 2 potions of cancellation
 A - a potion of resistance
 E - a potion of ambrosia {unknown}
 F - 2 potions of haste
 H - a potion of berserk rage {unknown}
 Q - a potion of invisibility {unknown}
Comestibles
 f - 25 rations
 R - 4 chunks of flesh


   Skills:
 + Level 9.2 Fighting
 + Level 11.5 Staves
 - Level 1.7 Throwing
 + Level 6.8 Armour
 - Level 5.0 Dodging
 + Level 11.0 Invocations


You had 10 spell levels left.
You didn't know any spells.
Your spell library contained the following spells:

 Spells                   Type           Power        Failure   Level  Hunger
 Apportation              Tloc           #.....       99%         1    ##.....
 Beastly Appendage        Tmut           #.....       99%         1    ##.....
 Magic Dart               Conj           #...         99%         1    ##.....
 Summon Butterflies       Summ           #.......     99%         1    ##.....
 Blink                    Tloc           N/A          100%        2    ###....
 Call Imp                 Summ           #.......     100%        2    ###....
 Searing Ray              Conj           #.....       100%        2    ###....
 Slow                     Hex            #.......     100%        2    ###....
 Sticks to Snakes         Tmut           #.......     100%        2    ###....
 Conjure Flame            Conj/Fire      #.......     100%        3    ####...
 Dazzling Spray           Conj/Hex       #.....       100%        3    ####...
 Lesser Beckoning         Tloc           #.........   100%        3    ####...
 Mephitic Cloud           Conj/Pois/Air  #.......     100%        3    ####...
 Spider Form              Tmut/Pois      #.........   100%        3    ####...
 Tukima's Dance           Hex            #.......     100%        3    ####...
 Force Lance              Conj/Tloc      #.......     100%        4    #####..
 Fulminant Prism          Conj/Hex       #.........   100%        4    #####..
 Ice Form                 Ice/Tmut       #.......     100%        4    #####..
 Iskenderun's Mystic Bla  Conj           #.......     100%        4    #####..
 Alistair's Intoxication  Tmut/Pois      #.......     100%        5    ######.
 Blade Hands              Tmut           #.........   100%        5    ######.
 Invisibility             Hex            #.......     100%        6    #######


Dungeon Overview and Level Annotations

Branches:
Dungeon (11/15)            Temple (1/1) D:6            Lair (2/6) D:10
  Swamp: Lair:2-4    Shoals: Lair:2-4     Snake: Lair:2-4    Spider: Lair:2-4
    Orc: D:9-12

Altars:
Ashenzari
Cheibriados
Dithmenos
Fedhas
Hepliaklqana
Kikubaaqudgha
Makhleb
Nemelex Xobeh
Qazlal
Ru
Sif Muna
Uskayaw
Wu Jian
Yredelemnul
Zin
The Shining One

Shops:
D:4 :   D:5 (


Innate Abilities, Weirdness & Mutations

You have large cloven feet.
You may emit foul miasma when damaged in melee.
You sometimes gain a little power by taking damage.
You are immune to rotting.
When seriously injured, your bleeding wounds create thick armour. (AC +9)


Message History

You feel very sick. The yak gores you but does no damage.
You feel better. The yak gores you.
* * * LOW HITPOINT WARNING * * *
Your surroundings suddenly seem different.
You can now deal four cards at a time.
Nemelex Xobeh deals you some cards!
You now have 13 escape cards, 13 destruction cards and 13 summoning cards A water moccasin comes into view.
A komodo dragon comes into view.
The komodo dragon bites you but does no damage.
You slice the komodo dragon!!
The komodo dragon is heavily wounded.
You hit the komodo dragon but do no damage.
The komodo dragon is heavily wounded.
The komodo dragon misses you.
You draw a card...
You have drawn Foxfire.
The water moccasin bites you but does no damage.
The komodo dragon bites you!!
You die...
Your body glows with a rainbow of weird colours and disappears.

... ... ....
... ##
..###.######
#.y..y.....
#.Sy.......
#..@l......
#....y.....
#...y.......
#............
..............
...............
....#..........
.#.............


You could see a komodo dragon, a water moccasin and 5 friendly killer bees.

Vanquished Creatures
  Gastronok (Lair:1)
  Erica (D:9)
  An unseen horror (D:10)
  2 black mambas
  A guardian serpent (D:10)
  Maurice (D:9)
  2 spiny frogs (Lair:1)
  3 komodo dragons
  A troll (D:9)
  2 hippogriffs (Lair:1)
  2 hornets (D:10)
  4 blink frogs (Lair:1)
  A wraith (D:11)
  2 water elementals (D:11)
  Grum (D:8)
  13 yaks
  2 hungry ghosts
  5 water moccasins
  A soldier ant (D:10)
  Duvessa (D:5)
  2 orc warriors
  2 porcupines (Lair:1)
  A sky beast (D:7)
  An ice beast (D:8)
  A slave (D:8)
  2 necrophages
  An eye of draining (D:8)
  2 ogres
  A crocodile (Lair:1)
  7 bullfrogs
  Dowan (D:5)
  A scorpion (D:4)
  13 killer bees
  2 howler monkeys
  An electric eel (D:11)
  3 crimson imps
  A bullfrog zombie (D:11)
  A centaur zombie (D:6)
  2 hounds
  2 jellies
  An orc priest (D:5)
  2 bullfrog skeletons
  9 orc wizards
  A centaur skeleton (D:6)
  An iguana (D:9)
  12 worker ants
  Natasha (twice) (D:4)
  Terence (D:3)
  A killer bee zombie (D:9)
  A hound zombie (D:5)
  A hound skeleton (D:9)
  A worker ant zombie (D:6)
  8 gnolls
  8 adders
  3 shadow imps
  An ooze (D:6)
  An adder skeleton (D:4)
  An adder zombie (D:5)
  9 worms
  3 dart slugs
  3 leopard geckos
  28 orcs
  2 ball pythons
  3 giant cockroaches
  11 hobgoblins
  8 kobolds
  8 quokkas
  15 bats
  5 frilled lizards
  10 goblins
  5 rats
259 creatures vanquished.

Vanquished Creatures (collateral kills)
  Pikel (D:8)
  A slave (D:8)
  A bullfrog (D:8)
  A killer bee (D:7)
  2 worker ants (D:8)
  4 gnolls (D:8)
  A shadow imp (D:8)
  4 orcs (D:8)
  2 jackals (D:7)
17 creatures vanquished.

Vanquished Creatures (others)
  2 slaves (D:8)
  4 wolves (D:8)
  An ogre (D:10)
  An orc wizard (D:5)
  A shadow imp (D:8)
  A plant (Lair:1)
10 creatures vanquished.

Grand Total: 286 creatures vanquished

Notes
Turn   | Place    | Note
-------+----------+-------------------------------------------
     0 | D:1      | TheGoonsmith the Demonspawn Gladiator began the quest for
                  | the Orb.
     0 | D:1      | Reached XP level 1. HP: 16/16 MP: 1/1
   165 | D:1      | Gained mutation: You sometimes gain a little power by
                  | taking damage. [demonic ancestry]
   165 | D:1      | Reached XP level 2. HP: 19/23 MP: 2/2
   565 | D:1      | Gained mutation: When seriously injured, your bleeding
                  | wounds create armour. (AC +9) [demonic ancestry]
   565 | D:1      | Reached XP level 3. HP: 26/28 MP: 3/3
  1291 | D:2      | Reached XP level 4. HP: 35/35 MP: 4/4
  2227 | D:3      | Noticed Terence
  2244 | D:3      | Killed Terence
  2244 | D:3      | Reached XP level 5. HP: 42/42 MP: 5/5
  2520 | D:3      | Found a snail-covered altar of Cheibriados.
  2991 | D:3      | Reached skill level 5 in Staves
  3432 | D:4      | Gained mutation: You are immune to rotting. [demonic
                  | ancestry]
  3432 | D:4      | Reached XP level 6. HP: 37/48 MP: 6/6
  3645 | D:4      | Found a glowing silver altar of Zin.
  3656 | D:4      | Found a sacrificial altar of Ru.
  3664 | D:4      | Found a shattered altar of Ashenzari.
  3791 | D:4      | Noticed Natasha
  3825 | D:4      | Killed Natasha
  4165 | D:4      | Noticed Natasha
  4173 | D:4      | Killed Natasha
  4371 | D:4      | Reached XP level 7. HP: 24/54 MP: 7/7
  4636 | D:4      | Found Kizosung's Book Boutique.
  4789 | D:5      | Entered Level 5 of the Dungeon
  4789 | D:5      | Noticed Dowan
  4790 | D:5      | Noticed Duvessa
  4806 | D:5      | Killed Duvessa
  4814 | D:5      | Killed Dowan
  5146 | D:5      | Reached skill level 1 in Armour
  5166 | D:5      | Gained mutation: You may emit foul miasma when damaged in
                  | melee. [demonic ancestry]
  5166 | D:5      | Reached XP level 8. HP: 21/61 MP: 8/8
  5483 | D:5      | Found Tefomotz's Weapon Emporium.
  6286 | D:5      | Reached skill level 5 in Fighting
  6453 | D:6      | Found a staircase to the Ecumenical Temple.
  6468 | Temple   | Entered the Ecumenical Temple
  6508 | Temple   | Became a worshipper of Nemelex Xobeh the Trickster
  6731 | D:6      | Received a gift from Nemelex Xobeh
  6758 | D:6      | Found a basalt altar of Yredelemnul.
  6767 | D:6      | Found a glowing golden altar of the Shining One.
  6769 | D:6      | Noticed an angel
  7594 | D:7      | Reached skill level 1 in Invocations
  8073 | D:7      | Gained mutation: When seriously injured, your bleeding
                  | wounds create thick armour. (AC +9) [demonic ancestry]
  8073 | D:7      | Reached XP level 9. HP: 66/69 MP: 12/12
  8166 | D:7      | Received a gift from Nemelex Xobeh
  8210 | D:7      | Reached * piety under Nemelex Xobeh
  8283 | D:8      | Noticed Pikel
  8309 | D:8      | Killed Pikel
  8309 | D:8      | Reached skill level 5 in Invocations
  8563 | D:8      | Noticed Grum
  8578 | D:8      | Killed Grum
  8736 | D:8      | Identified a scroll of acquirement
  8737 | D:8      | Found the +7 lajatang of Order {silver, rMut}
  8863 | D:8      | Received a gift from Nemelex Xobeh
  8893 | D:8      | Reached skill level 10 in Staves
  9120 | D:8      | Found a shadowy altar of Dithmenos.
  9129 | D:8      | Reached ** piety under Nemelex Xobeh
  9541 | D:9      | Received a gift from Nemelex Xobeh
  9605 | D:9      | Noticed Maurice
  9620 | D:9      | Killed Maurice
  9631 | D:9      | Gained mutation: You have large cloven feet. [demonic
                  | ancestry]
  9631 | D:9      | Reached XP level 10. HP: 53/77 MP: 15/15
  9743 | D:9      | Found a blossoming altar of Fedhas.
  9821 | D:9      | Noticed Erica
  9838 | D:9      | Killed Erica
 10638 | D:10     | Entered Level 10 of the Dungeon
 10884 | D:10     | Paralysed by a hornet for 1 turns
 11032 | D:10     | Found a staircase to the Lair.
 11084 | D:10     | Noticed a guardian serpent
 11088 | D:10     | Killed an unseen horror
 11099 | D:10     | Killed a guardian serpent
 11340 | D:10     | Reached *** piety under Nemelex Xobeh
 11340 | D:10     | Received a gift from Nemelex Xobeh
 11790 | D:11     | Reached skill level 5 in Armour
 12444 | Lair:1   | Entered Level 1 of the Lair of Beasts
 12451 | Lair:1   | Reached XP level 11. HP: 85/85 MP: 17/17
 12486 | Lair:1   | Reached skill level 5 in Dodging
 13068 | Lair:1   | Noticed Gastronok
 13075 | Lair:1   | Reached skill level 10 in Invocations
 13087 | Lair:1   | HP: 4/87 [Gastronok/the air (18)]
 13092 | Lair:1   | Killed Gastronok
 13618 | Lair:1   | Received a gift from Nemelex Xobeh
 14228 | Lair:2   | Reached **** piety under Nemelex Xobeh
 14228 | Lair:2   | Received a gift from Nemelex Xobeh
 14231 | Lair:2   | Mangled by a komodo dragon

Vault maps used:
D:1:      evilmike_arrival_hilbert_curve
D:2:      minmay_door_path, dk_vineyard_3, grunt_decor_cap
D:3:      kennysheep_slug_shrine, cheibrodos_sewer_entry_bend, uniq_terence
D:4:      nicolae_overflow_hidden_temple, first_ration, serial_shops,
          nicolae_shop_temple_entry_statues_fountains,
          minmay_fractal_squares_gapless_5, uniq_natasha
D:5:      serial_shops, kennysheep_mini_moat, uniq_duvessa
D:6:      grunt_temple_overflow_holy_war, minmay_temple_entry_offerings
D:8:      grunt_dithmenos_smoke, uniq_pikel, uniq_grum
D:9:      fedhas_altar_fruit_tree, uniq_erica, uniq_maurice
D:10:     lair_entry_dummy, hangedman_pestilent_swarm,
          nrook_guardian_serpent_ordinary
D:11:     minivault_12
Temple:   regret_index_temple_waves
Lair:1:   uniq_gastronok
Lair:2:   lemuel_reptile_caves, serial_bayou_shore_b

Skill      XL: |  1  2  3  4  5  6  7  8  9 10 11 |
---------------+----------------------------------+-----
Staves         | 3 4 5 6 8 10 11 | 11.5
Fighting       | 3 4 6 7 9 |  9.2
Armour         | 1 3 5 6 |  6.8
Invocations    | 4 7 9 11 | 11.0
Dodging        | 3 4 5 |  5.0
Throwing       | |  1.7

Action                   |  1- 3 |  4- 6 |  7- 9 | 10-12 || total
-------------------------+-------+-------+-------+-------++-------
Melee: Quarterstaff      |   100 |   152 |   376 |       ||   628
       Lajatang          |       |       |    46 |   299 ||   345
 Fire: Hunting sling     |    61 |   159 |       |       ||   220
 Abil: Draw Destruction  |       |       |     6 |     3 ||     9
       Draw Escape       |       |       |     1 |     1 ||     2
       Draw Summoning    |       |       |       |     1 ||     1
  Use: Potion            |       |     1 |     1 |     4 ||     6
       Scroll            |       |     1 |    15 |     9 ||    25
 Stab: Distracted        |       |       |       |     1 ||     1
  Eat: Chunk             |     1 |     6 |    15 |    13 ||    35
       Ration            |       |     1 |     1 |     1 ||     3
Armor: Leather armour    |    27 |       |       |       ||    27
       Scale mail        |    16 |    76 |    84 |       ||   176
       Skin              |       |     8 |    24 |       ||    32
       Chain mail        |       |       |    96 |   168 ||   264
Dodge: Dodged            |    94 |    69 |   146 |   138 ||   447

Table legend:
 A = Non-vault XP
 B = Vault XP
 C = Vault XP percentage of total XP
 D = Non-vault monster count
 E = Vault monster count
 F = Vault count percentage of total count
                 A         B        C        D         E       F
            +---------+---------+-------+---------+---------+-------
      Total |   15190 |    5912 |  28.0 |     253 |      28 |  10.0
            +---------+---------+-------+---------+---------+-------
        D:1 |      57 |       0 |   0.0 |      26 |       0 |   0.0
        D:2 |      59 |      54 |  47.8 |      22 |       3 |  12.0
        D:3 |     123 |      51 |  29.3 |      28 |       5 |  15.2
        D:4 |     292 |     126 |  30.1 |      16 |       4 |  20.0
        D:5 |     729 |     229 |  23.9 |      30 |       2 |   6.2
        D:6 |     346 |       0 |   0.0 |      16 |       0 |   0.0
        D:7 |     759 |       0 |   0.0 |      15 |       0 |   0.0
        D:8 |    1102 |     998 |  47.5 |      26 |       6 |  18.8
        D:9 |    1231 |    1314 |  51.6 |      19 |       2 |   9.5
       D:10 |    1451 |     947 |  39.5 |       8 |       5 |  38.5
       D:11 |    1086 |       0 |   0.0 |      13 |       0 |   0.0
     Lair:1 |    6806 |    2193 |  24.4 |      30 |       1 |   3.2
     Lair:2 |    1149 |       0 |   0.0 |       4 |       0 |   0.0
            +---------+---------+-------+---------+---------+-------
